 Dungeon Crawl Stone Soup version 0.21.1-1-g345015f (webtiles) character file.

113 lrcuk01 the Chopper (level 4, -11/61 HPs)
             Began as a Minotaur Berserker on Feb 7, 2018.
             Was a Believer of Trog (penitent).
             Mangled by Mgcat's ghost (13 damage)
             ... on level 3 of the Dungeon on Feb 8, 2018.
             The game lasted 00:22:14 (1861 turns).

lrcuk01 the Chopper (Minotaur Berserker)            Turns: 1861, Time: 00:22:14

Health: -11/61     AC: 22    Str: 22    XL:     4   Next: 65%
Magic:  3/3        EV:  2    Int:  4    God:    Trog [*]
Gold:   88         SH:  0    Dex: 10    Spells: 3/3 levels left

rFire    . . .     SeeInvis .   a - +0 hand axe
rCold    . . .     Gourm    .   (no shield)
rNeg     + + +     Faith    .   (armour currently unavailable)
rPois    +         Spirit   .   (helmet currently unavailable)
rElec    .         Reflect  .   (cloak currently unavailable)
rCorr    .         Harm     .   (gloves currently unavailable)
MR       .....     NoTele   +   (boots currently unavailable)
Stlth    +.........             (no amulet)
HPRegen  0.20/turn              (no ring)
MPRegen  0.08/turn              (no ring)

@: tree-form (expiring)
A: (retaliatory headbutt)
a: Burn Spellbooks, Renounce Religion


You were on level 3 of the Dungeon.
You worshipped Trog.
Trog was demanding penance.
You were hungry.
You were a tree.
You visited 1 branch of the dungeon, and saw 4 of its levels.

You collected 88 gold pieces.

Inventory:

Hand Weapons
 a - a +0 hand axe (weapon)
Armour
 b - a +0 animal skin (melded)
 j - a +0 leather armour
Jewellery
 e - a cursed amulet of inaccuracy {unknown}
 f - an uncursed ring of ice {unknown}
Scrolls
 g - 2 scrolls of identify
 h - 2 scrolls of teleportation
 l - a scroll of amnesia
Potions
 i - a potion of haste
 k - a potion of might
Books
 n - a book of Cantrips

   Spells                             Type                      Level
   a - Confusing Touch                Hexes                        1
   b - Animate Skeleton               Necromancy                   1
   c - Summon Small Mammal            Summoning                    1
   d - Apportation                    Translocation                1
   Trog disapproves of the use of such an item.
Comestibles
 c - 6 rations


   Skills:
 + Level 4.7 Fighting
 + Level 5.2 Axes
 + Level 2.5 Armour
 + Level 3.0 Dodging


You had 3 spell levels left.
You didn't know any spells.

Dungeon Overview and Level Annotations

Branches:
Dungeon (4/15)
 Temple: D:4-7

Altars:

Annotations:
D:3 Mgcat's ghost, amateur GrEE


Innate Abilities, Weirdness & Mutations

((You reflexively headbutt those who attack you in melee.))
((You have a pair of horns on your head.))


Message History

* * * LOW HITPOINT WARNING * * *
You hit Mgcat's ghost.
Mgcat's ghost is lightly damaged.
Mgcat's ghost hits you but does no damage.
You closely miss Mgcat's ghost.
Mgcat's ghost is lightly damaged.
Your transformation is almost over.
Mgcat's ghost gestures at you while chanting.
Helpless, you fail to dodge the stone arrow.
* * * LOW HITPOINT WARNING * * *
You hit Mgcat's ghost but do no damage.
Mgcat's ghost is lightly damaged.
Mgcat's ghost gestures at you while chanting.
The stone arrow hits you!
* * * LOW HITPOINT WARNING * * *
You hit Mgcat's ghost.
Mgcat's ghost is moderately damaged.
Mgcat's ghost hits you but does no damage.
You are electrocuted!
You die...

######## ##..(...##
##........##
#..........#
#..........#
#..........#
#..♣W......# #
#..>.......##.. .#
##............###.#.
#..........## ......
#..........###......
#....÷..............
#....#.#.#.#.#......
#...................
##...#.#.#.#.#......


You could see Mgcat's ghost.

Vanquished Creatures
  A worker ant (D:3)
  3 adders
  A worm (D:2)
  A dart slug (D:2)
  2 leopard geckos
  7 hobgoblins
  9 jackals (D:2)
  6 kobolds
  A ball python (D:2)
  10 bats
  4 frilled lizards
  5 goblins
  6 rats
56 creatures vanquished.

Notes
Turn   | Place    | Note
-------+----------+-------------------------------------------
     0 | D:1      | lrcuk01 the Minotaur Berserker began the quest for the Orb.
     0 | D:1      | Reached XP level 1. HP: 19/19 MP: 0/0
    61 | D:1      | Reached skill level 4 in Axes
    63 | D:1      | Reached XP level 2. HP: 27/27 MP: 1/1
   607 | D:2      | Reached ** piety under Trog
   637 | D:2      | Reached XP level 3. HP: 22/33 MP: 2/2
  1084 | D:2      | Reached XP level 4. HP: 39/41 MP: 3/3
  1391 | D:2      | Reached skill level 5 in Axes
  1647 | D:3      | Noticed Mgcat's ghost (amateur GrEE)
  1852 | D:3      | Was placed under penance by Trog
  1860 | D:3      | HP: 1/61 [Mgcat's ghost/stone arrow (4)]
  1861 | D:3      | Mangled by Mgcat's ghost

Skill      XL: |  1  2  3  4 |
---------------+-------------+-----
Axes           | 4 5 |  5.2
Fighting       | 4 |  4.7
Dodging        | 3 |  3.0
Armour         | |  2.5

Action                   |  1- 3 |  4- 6 || total
-------------------------+-------+-------++-------
Melee: Hand axe          |    87 |    34 ||   121
       Headbutt          |    11 |     6 ||    17
  Use: Potion            |     2 |     5 ||     7
       Scroll            |     1 |     4 ||     5
  Eat: Chunk             |       |     2 ||     2
Armor: Animal skin       |    24 |     3 ||    27
       Skin              |       |     7 ||     7
Dodge: Dodged            |    68 |    12 ||    80
